 Dungeon Crawl Stone Soup version 0.23-a0-619-g281719c (console) character file.

32 Duffy the Skirmisher (level 3, 0/34 HPs)
             Began as a Naga Fighter on Dec 22, 2018.
             Succumbed to an adder's poison
             ... on level 3 of the Dungeon.
             The game lasted 00:00:53 (532 turns).

Duffy the Skirmisher (Naga Fighter)                  Turns: 532, Time: 00:00:53

Health: 0/34       AC:  4    Str: 23    XL:     3   Next: 25%
Magic:  3/3        EV:  5    Int:  9    God:
Gold:   0          SH:  9    Dex: 10    Spells: 2/2 levels left

rFire    . . .     SeeInvis +   a - +0 war axe
rCold    . . .     Gourm    .   c - +0 shield
rNeg     . . .     Faith    .   b - +0 scale mail
rPois    +         Spirit   .   (no helmet)
rElec    .         Reflect  .   (no cloak)
rCorr    .         Harm     .   (no gloves)
MR       .....                  (no barding)
Stlth    ..........             (no amulet)
HPRegen  0.11/turn              (no ring)
MPRegen  0.08/turn              (no ring)

@: mighty, lethally poisoned (0 -> -4), very slow
A: large, see invisible, deformed body, poison resistance, slowness 2, slow
metabolism 1, spit poison 1, AC +1
a: Spit Poison


You were on level 3 of the Dungeon.
You were not hungry.

You visited 1 branch of the dungeon, and saw 4 of its levels.

Inventory:

Hand Weapons
 a - a +0 war axe (weapon)
Armour
 b - a +0 scale mail (worn)
 c - a +0 shield (worn)
Wands
 h - a wand of disintegration (9)
Scrolls
 e - a scroll of random uselessness {unknown}
 g - a scroll of magic mapping {unknown}
Comestibles
 f - a ration


   Skills:
 - Level 3.0 Fighting
 + Level 2.9 Axes
 - Level 2.4 Armour
 + Level 3.0 Shields


You had 2 spell levels left.
You didn't know any spells.
Your spell library was empty.

Dungeon Overview and Level Annotations

Branches:
Dungeon (4/15)
 Temple: D:4-7

Altars:
Dithmenos
Fedhas
Vehumet


Innate Abilities, Weirdness & Mutations

You cannot wear boots.
Your serpentine skin is tough. (AC +1)
You have supernaturally acute eyesight. (SInv)
Armour fits poorly on your strangely shaped body.
Your system is resistant to poisons. (rPois)
You cover ground very slowly.
You have a slow metabolism.
You can spit poison.


Message History

You feel sick. The adder bites you but does no damage.
You block the adder's attack.
You closely miss the adder.
The adder is almost dead.
You feel sick. You block the adder's attack.
You feel very mighty all of a sudden.
The adder bites you but does no damage. x2
You slash the adder!
You kill the adder!
Your Shields skill increases to level 3!
You have reached level 3!
Your experience leads to an increase in your attributes!
Your base attributes are Str 18, Int 8, Dex 10.
Increase (S)trength, (I)ntelligence, or (D)exterity?
You feel clever.
Your skin feels tougher.
You feel sick.
You feel sick.
Things that are here:
a +0 club; 31 gold pieces You die...

#.# #.# #.#
....... #.#
....... #.#
....... #.#
.......
####.#####....!..
#@)......+......?
#..#######....!..
#....)...........
##)##.......#.#.#
#.##..(....#
#.##.......#
#.##.#.###.#
#.##.#.###.#
#.##.#<....#


There were no monsters in sight!

Vanquished Creatures
  An adder (D:3)
  A leopard gecko (D:2)
  A ball python (D:3)
  2 bats
  2 giant cockroaches
  6 hobgoblins
  2 jackals (D:3)
  2 kobolds (D:2)
  A rat (D:1)
18 creatures vanquished.

Notes
Turn   | Place    | Note
-------+----------+-------------------------------------------
     0 | D:1      | Duffy the Naga Fighter began the quest for the Orb.
     0 | D:1      | Reached XP level 1. HP: 21/21 MP: 1/1
    80 | D:2      | Reached XP level 2. HP: 19/28 MP: 2/2
   249 | D:2      | Found a radiant altar of Vehumet.
   254 | D:2      | Found a blossoming altar of Fedhas.
   263 | D:2      | Found a shadowy altar of Dithmenos.
   509 | D:4      | Found a blossoming altar of Fedhas.
   529 | D:3      | Reached XP level 3. HP: 3/34 MP: 3/3
   530 | D:3      | HP: 1/34 [poisoned by an adder]
   532 | D:3      | Succumbed to an adder's poison

Vault maps used:
D:1:      scummos_arrival_star
D:2:      minmay_overflow_temple_star_quad, feat_on_display, uniq_jessica
D:4:      lemuel_crystal_altar, nicolae_overflow_crystal_walls, serial_forest,
          infiniplex_forest_clump_small, infiniplex_forest_corner_1,
          infiniplex_forest_lined_2, infiniplex_forest_clump_double,
          infiniplex_forest_end_3, infiniplex_forest_clump_diagonal,
          serial_shops, shop, fedhas_altar_1

Skill      XL: |  1  2 |
---------------+-------+-----
Shields        | 3 |  3.0
Fighting       | |  3.0
Axes           | |  2.9
Armour         | |  2.4

Action                   || total
-------------------------++-------
Melee: War axe           ||    50
 Abil: Spit Poison       ||     5
  Use: Potion            ||     1
Armor: Scale mail        ||    22
Dodge: Dodged            ||    18
Block: Shield            ||    38

Table legend:
 A = Non-vault XP
 B = Vault XP
 C = Vault XP percentage of total XP
 D = Non-vault monster count
 E = Vault monster count
 F = Vault count percentage of total count
                 A         B        C        D         E       F
            +---------+---------+-------+---------+---------+-------
      Total |      46 |       0 |   0.0 |      18 |       0 |   0.0
            +---------+---------+-------+---------+---------+-------
        D:1 |       5 |       0 |   0.0 |       3 |       0 |   0.0
        D:2 |      14 |       0 |   0.0 |       7 |       0 |   0.0
        D:3 |      27 |       0 |   0.0 |       8 |       0 |   0.0
            +---------+---------+-------+---------+---------+-------
